Map: [ESL] Inside and Out

Players

gumiho - Winner!

  • Race: Terran Terran
  • Spawn Location: 1:00

Cham

  • Race: Zerg Zerg
  • League: Master
  • Spawn Location: 7:00

Event: HomeStory Cup XXII

VOD

Have the link to the VOD?

Description

Time

  • Played on: Dec. 15, 2022, 1:02 p.m.
  • Length: 5:53

All games in this series

Show
View Real Time Build Order
Export as new Build Order

gumiho Terran - Winner!

Build Orders: Hellion Banshee 

Get SALT Encoding   

  12  0:00  SCV  
  13  0:12  SCV  
  14  0:17  Supply Depot  
  14  0:24  SCV  
  15  0:38  SCV  
  15  0:39  Barracks  
  16  0:43  Refinery  
  16  0:50  SCV  
  17  1:02  SCV  
  18  1:15  SCV  
  19  1:26  Barracks Tech Lab  
  19  1:27  Orbital Command  
  19  1:28  Barracks Reactor  
  19  1:39  Command Center  
  19  1:48  Supply Depot  
  19  1:54  SCV  
  20  2:04  Marine x2  
  20  2:06  SCV  
  23  2:11  Factory  
  23  2:18  SCV  
  23  2:22  Marine x2  
  26  2:30  SCV  
  26  2:31  Refinery  
  27  2:40  Marine x2  
  27  2:43  SCV  
  30  2:50  Orbital Command  
  30  2:55  SCV  
  30  2:56  Starport  
  31  3:03  Hellion  
  31  3:04  Hellion  
  35  3:10  SCV, Barracks Tech Lab  
  36  3:17  SCV  
  36  3:19  Supply Depot  
  37  3:24  SCV  
  37  3:26  Hellion  
  40  3:31  Hellion  
  40  3:32  SCV  
  43  3:43  Banshee, Cloaking Field  
  43  3:45  SCV x2  
  45  3:57  SCV x2  
  45  3:58  Hellion x2  
  48  4:06  Supply Depot  
  48  4:07  Barracks Tech Lab  
  48  4:09  SCV x2  
  50  4:19  Hellion x2  
  53  4:24  SCV  
  53  4:30  SCV  
  53  4:31  Banshee  
  53  4:36  SCV  
  53  4:42  SCV  
  53  4:45  Supply Depot  
  54  4:48  SCV  
  51  4:54  SCV  
  51  4:56  Hellion x2  
  56  5:00  SCV  
  56  5:06  SCV  
  56  5:10  Command Center  
  56  5:12  SCV  
  57  5:18  SCV  
  58  5:24  SCV  
  59  5:30  SCV  
  56  5:37  Supply Depot, SCV  
  56  5:43  Barracks, Factory Reactor  
  56  5:44  Barracks  
Show
View Real Time Build Order
Export as new Build Order

Cham Zerg 

Build Orders: Hatch First 

Get SALT Encoding   

  12  0:00  Drone  
  13  0:11  Overlord  
  13  0:16  Drone  
  14  0:30  Drone x2  
  16  0:47  Hatchery  
  15  0:50  Drone  
  15  0:54  Drone  
  17  0:57  Drone  
  18  1:10  Spawning Pool  
  17  1:12  Extractor  
  17  1:15  Drone  
  17  1:18  Drone  
  18  1:27  Drone  
  20  1:40  Drone  
  20  1:48  Drone  
  21  1:58  Queen  
  21  1:59  Zergling x2, Queen  
  21  2:00  Zergling x2  
  27  2:10  Drone  
  27  2:11  Overlord  
  28  2:22  Hatchery  
  28  2:26  Drone  
  28  2:31  Metabolic Boost  
  28  2:32  Drone  
  28  2:34  Drone  
  30  2:42  Queen  
  33  2:44  Drone  
  33  2:48  Overlord  
  33  2:52  Drone  
  33  2:55  Drone x2  
  35  3:07  Drone x3  
  35  3:08  Drone  
  35  3:11  Drone  
  35  3:12  Queen  
  42  3:24  Overlord  
  42  3:28  Queen  
  42  3:29  Baneling Nest  
  43  3:36  Zergling x2  
  43  3:37  Zergling x6  
  47  3:42  Zergling x4  
  47  3:43  Drone  
  47  3:45  Overlord  
  49  4:01  Drone  
  50  4:05  Drone  
  50  4:06  Drone x6  
  50  4:08  Drone  
  58  4:14  Evolution Chamber  
  54  4:28  Drone x5  
  54  4:30  Drone  
  50  4:38  Drone  
  50  4:39  Drone x2  
  50  4:41  Drone  
  50  4:42  Drone  
  48  4:53  Drone  
  48  4:54  Drone x6  
  48  4:56  Spore Crawler  
  48  4:58  Spore Crawler  
  53  5:05  Zergling x6  
  49  5:19  Drone  
  46  5:21  Spore Crawler  
  46  5:24  Drone x5  
  46  5:27  Drone x2  
  48  5:33  Drone x2  
  48  5:34  Drone x2  
  50  5:37  Drone  
Tags
 
Add a new tag
Caveats
  • Supply blocks, unpowered buildings, or Contaminate may cause inaccurate times.
  • Supply counts are checked every 10 seconds.